 Dungeon Crawl Stone Soup version 0.29-a0-1023-g6ae1a4a2c7 (webtiles) character file.

Game seed: 12554848344544067428

522 Sobieck the Shooter (level 6, -9/52 HPs)
             Began as a Demigod Hunter on Aug 11, 2022.
             Killed by divine providence
             ... invoked by an orc priest
              (14 damage)
             ... on level 4 of the Dungeon.
             The game lasted 00:04:44 (2773 turns).

Sobieck the Shooter (Demigod Hunter)                Turns: 2773, Time: 00:04:45

Health: -9/52      AC:  6    Str: 12      XL:     6   Next: 70%
Magic:  8/8        EV: 12    Int: 10 (11) God:
Gold:   99         SH:  0    Dex: 25      Spells: 5/5 levels left

rFire   . . .      SeeInvis .   a - +0 shortbow {bow}
rCold   . . .      Faith    .   (shield currently unavailable)
rNeg    . . .      Spirit   .   c - +0 leather armour
rPois   +          Reflect  .   h - +0 helmet
rElec   .          Harm     .   g - +0 cloak
rCorr   .          Rampage  .   j - +0 pair of gloves
Will    .....                   (no boots)
Stlth   ++........              (no amulet)
HPRegen 0.17/turn               y - ring of poison resistance
MPRegen 0.11/turn               (no ring)

@: brilliant, unable to drink
A: high MP 1, forlorn, divine attributes, deterioration 1, robust 1, inability
to drink while threatened 1
a: no special abilities


You were on level 4 of the Dungeon.
You visited 1 branch of the dungeon, and saw 5 of its levels.

You collected 144 gold pieces.
You spent 45 gold pieces at shops.


Innate Abilities, Weirdness & Mutations

You have an increased reservoir of magic. (+10% MP)
You shall have no god before yourself.
Your divine heritage dramatically boosts your attributes as you level up.
Your body sometimes deteriorates upon taking damage.
You are robust. (+10% HP)
You occasionally lose the ability to drink potions when taking damage.


   Skills:
 - Level 1.7 Fighting
 + Level 7.7 Ranged Weapons
 - Level 1.7 Dodging
 - Level 0.8 Stealth


You had 5 spell levels left.
You didn't know any spells.
Your spell library contained the following spells:

 Spells                   Type           Power      Damage    Failure   Level
 Passwall                 Tmut/Erth      0%         N/A       58%         2
 Portal Projectile        Hex/Tloc       0%         N/A       82%         3
 Statue Form              Tmut/Erth      0%         N/A       100%        6
 Necromutation            Tmut/Necr      0%         N/A       100%        8

Inventory:

Hand Weapons
 a - a +0 shortbow (weapon) {bow}
 r - a +2 dagger of venom {short}
   (You took it off a goblin on level 2 of the Dungeon)
 s - a +1 sling of flaming
   (You took it off a goblin on level 2 of the Dungeon)
Missiles
 o - 9 stones {throwing}
 u - 2 poisoned darts {throwing}
Armour
 c - a +0 leather armour (worn)
 d - a +0 leather armour
   (You found it on level 1 of the Dungeon)
 f - a +0 chain mail
   (You found it on level 3 of the Dungeon)
 g - a +0 cloak (worn)
   (You found it on level 1 of the Dungeon)
 h - a +0 helmet (worn)
   (You found it on level 1 of the Dungeon)
 j - a +0 pair of gloves (worn)
   (You bought it in a shop on level 1 of the Dungeon)
 m - a +0 leather armour
   (You found it on level 2 of the Dungeon)
 p - a +0 robe
   (You took it off a hobgoblin on level 2 of the Dungeon)
 t - a +0 animal skin
   (You took it off Robin on level 2 of the Dungeon)
Jewellery
 y - a ring of poison resistance (left hand)
   (You found it on level 3 of the Dungeon)
Wands
 k - a wand of polymorph (9)
   (You took it off Grinder on level 4 of the Dungeon)
Scrolls
 b - 2 scrolls of immolation {!r!r}
 e - a scroll of teleportation {unknown}
 i - a scroll of identify {@r1}
 l - 2 scrolls of enchant weapon {unknown}
 n - a scroll of amnesia {unknown}
 q - a scroll of blinking {unknown}
Potions
 v - a potion of brilliance
 w - a potion of lignification {!q}

Dungeon Overview and Level Annotations

Branches:
Dungeon (5/15) Zot: 26794
 Temple: D:4-7

Shops:
D:1

[ #.......#
#...?...# #
#./.....#
#.#.......+
#.#...(!..#
#..o....o.#
#o#+# #{#.#
###@#.#
#...).#
#..)..#
#..>..'.
#.....#..
#.....#....
#.....# ...
#.....# ..
#######


You could see an orc priest and an orc.


Message History

You shoot an arrow. The arrow closely misses the orc.
The orc shouts!
The arrow hits the orc but does no damage.
A ball python comes into view.
Something hits you but does no damage.
You shoot an arrow. Something hits you.
You shoot an arrow. The arrow hits the orc!
You kill the orc!
You hear some strange, mumbled words.
A magic dart appears from out of thin air!
The magic dart hits you.
You shoot an arrow. The arrow hits the orc!
You kill the orc!
You hear some strange, mumbled words.
Something tries to affect you, but you resist.
You shoot an arrow.
The arrow closely misses the ball python.
Something hits you. The ball python barely misses you. x2
You shoot an arrow. The arrow hits the ball python!
You kill the ball python!
Something hits you but does no damage.
An orc priest comes into view. It is wielding a +0 dagger.
An orc priest comes into view.
It is wielding a +2 hand axe of flaming.
Something hits you.
You shoot an arrow. The arrow barely misses the orc priest.
Something hits you but does no damage.
The orc priest hits you with a +2 hand axe of flaming.
The orc priest burns you.
You are too injured to fight recklessly!
You are too injured to fight recklessly!
You are too injured to fight recklessly!
You are too injured to fight recklessly!
Fire: a) +0 shortbow {bow}
Press: ? - help, Q - select action, (/) - cycle Shift-Dir - straight line, f/p - orc priest
Aim: an orc priest, wielding a +2 hand axe of flaming and wearing a +0 ring mail (70% to hit)
You shoot an arrow. The arrow hits the orc priest!
The orc priest looks braver for a moment.
Something hits you but does no damage.
The orc priest calls down the wrath of Beogh upon you.
Beogh smites you!
Fire: a) +0 shortbow {bow}
Press: ? - help, Q - select action, (/) - cycle Shift-Dir - straight line, f/p - orc priest
Aim: an orc priest, wielding a +2 hand axe of flaming and wearing a +0 ring mail (heavily wounded, 70% to hit)
You shoot an arrow. The arrow hits the orc priest.
Something hits you.
* * * LOW HITPOINT WARNING * * *
The orc priest invokes the aid of Beogh against you.
Pain shoots through your body!
* * * LOW HITPOINT WARNING * * *
Fire: a) +0 shortbow {bow}
Press: ? - help, Q - select action, (/) - cycle Shift-Dir - straight line, f/p - orc priest
Aim: an orc priest, wielding a +2 hand axe of flaming and wearing a +0 ring mail (almost dead, 70% to hit)
You shoot an arrow. The arrow hits the orc priest!
You kill the orc priest!
Something completely misses you.
Fire: a) +0 shortbow {bow}
Press: ? - help, Q - select action, (/) - cycle Shift-Dir - straight line, f - orc
Aim: an orc, wielding a +0 whip and wearing a +0 ring mail (70% to hit)
You shoot an arrow.
You hear some strange, mumbled words.
You are confused.
Non-targeted confused fire: a) +0 shortbow {bow}
Press: ? - help, Q - select action, (/) - cycle Dir - look around, f - activate You shoot an arrow.
Something hits you.
* * * LOW HITPOINT WARNING * * *
Non-targeted confused fire: a) +0 shortbow {bow}
Press: ? - help, Q - select action, (/) - cycle Dir - look around, f - activate You shoot an arrow.
Something hits you but does no damage.
The orc priest mumbles some strange prayers to Beogh against you.
Beogh smites you!
You feel threatened and lose the ability to drink potions!
* * * LOW HITPOINT WARNING * * *
Your body deteriorates!
You feel dopey.
Non-targeted confused fire: a) +0 shortbow {bow}
Press: ? - help, Q - select action, (/) - cycle Dir - look around, f - activate You shoot an arrow.
Something hits you.
* * * LOW HITPOINT WARNING * * *
Something hits you but does no damage.
Non-targeted confused fire: a) +0 shortbow {bow}
Press: ? - help, Q - select action, (/) - cycle Dir - look around, f - activate You shoot an arrow.
You hear some strange, mumbled words.
A puff of flame appears from out of thin air!
The puff of flame hits you.
* * * LOW HITPOINT WARNING * * *
Non-targeted confused fire: a) +0 shortbow {bow}
Press: ? - help, Q - select action, (/) - cycle Dir - look around, f - activate You shoot an arrow.
You feel less confused. Something completely misses you.
Fire: a) +0 shortbow {bow}
Press: ? - help, Q - select action, (/) - cycle Shift-Dir - straight line, f - orc
Aim: an orc, wielding a +0 whip and wearing a +0 ring mail (70% to hit)
You shoot an arrow. The arrow barely misses the orc.
The orc priest invokes the aid of Beogh against you.
Beogh smites you!
You die...

Skill      XL: |  1  2  3  4  5 |
---------------+----------------+-----
Ranged Weapons | 4 5 6 7 |  7.7
Fighting       | |  1.7
Dodging        | |  1.7
Stealth        | |  0.8

Action                   |  1- 3 |  4- 6 || total
-------------------------+-------+-------++-------
 Fire: Shortbow          |   129 |    93 ||   222
  Use: Scroll            |     2 |       ||     2
       Potion            |       |     5 ||     5
Armor: Leather armour    |    18 |    14 ||    32
       Skin              |       |    38 ||    38
Dodge: Dodged            |    47 |    18 ||    65

Levels and vault maps discovered:
D:1:      amcnicky_arrival_blooded_trapdoor, layout_basic, serial_shops,
          nicolae_shop_advertising_works [nicolae_subvault_shop_adworks],
          shapermc_ecumenical_altar_hornbeckon, serial_bayou,
          serial_bayou_pond_e, serial_bayou_lake_a, serial_bayou_pond_e,
          serial_bayou_crossing, glass_columns_b, chequers_serial_rivers_large_b
D:2:      layout_basic, serial_curves, eino_curves_02, eino_curves_04,
          uniq_robin
D:3:      kennysheep_the_goblin_king, layout_loops_corners,
          chequers_temple_overflow_statue_of_worship,
          minmay_misc_feat_nine_boxes, minivault_24, uniq_terence, uniq_ijyb
D:4:      layout_basic, nicolae_uskayaw_dance_hall, uniq_menkaure, uniq_grinder
D:5:      layout_basic, jmf_multi_god_temple, kennysheep_generic_room_2,
          uniq_pikel

Notes
Turn   | Place    | Note
-------+----------+-------------------------------------------
     0 | D:1      | Sobieck the Demigod Hunter began the quest for the Orb.
     0 | D:1      | Reached XP level 1. HP: 17/17 MP: 3/3
   131 | D:1      | Reached skill level 4 in Ranged Weapons
   272 | D:1      | You add the spells Passwall, Portal Projectile, Statue Form
                  | and Necromutation to your library.
   272 | D:1      | Got the Directory of the Mutated Excursion
   340 | D:1      | Reached XP level 2. HP: 24/24 MP: 4/4
   838 | D:1      | Found Cipegics's Armour Emporium.
   904 | D:1      | Bought a +0 pair of gloves for 45 gold pieces
  1171 | D:2      | Reached XP level 3. HP: 29/29 MP: 5/5
  1458 | D:2      | Reached skill level 5 in Ranged Weapons
  1657 | D:2      | Noticed Robin
  1660 | D:2      | Killed Robin
  1661 | D:2      | Reached XP level 4. HP: 36/36 MP: 6/6
  2023 | D:3      | Noticed an ice beast
  2058 | D:3      | Reached skill level 6 in Ranged Weapons
  2058 | D:3      | Reached XP level 5. HP: 41/41 MP: 7/7
  2106 | D:3      | HP: 1/41 [ice beast (12)]
  2214 | D:3      | Killed an ice beast
  2569 | D:3      | You fall into a shaft and drop 2 floors!
  2569 | D:5      | Entered Level 5 of the Dungeon
  2575 | D:4      | Noticed Grinder
  2580 | D:4      | Gained mutation: You occasionally lose the ability to drink
                  | potions when taking damage. [potion of mutation]
  2580 | D:4      | Gained mutation: Your body sometimes deteriorates upon
                  | taking damage. [potion of mutation]
  2580 | D:4      | Gained mutation: You are robust. (+10% HP) [potion of
                  | mutation]
  2583 | D:4      | Paralysed by Grinder for 4 turns
  2598 | D:4      | Paralysed by Grinder for 2 turns
  2601 | D:4      | Killed Grinder
  2602 | D:4      | Reached skill level 7 in Ranged Weapons
  2602 | D:4      | Reached XP level 6. HP: 45/52 MP: 8/8
  2769 | D:4      | HP: 11/52 [orc priest/divine providence (9)]
  2771 | D:4      | HP: 5/52 [something/puff of flame (6)]
  2773 | D:4      | Killed from afar by an orc priest

Vanquished Creatures
  Grinder (D:4)
  An ice beast (D:3)
  A jelly (D:3)
  An orc priest (D:4)
  Robin (D:2)
  4 gnolls (D:2)
  2 adders (D:3)
  3 worms
  3 dart slugs
  2 orcs (D:4)
  10 endoplasms
  3 giant cockroaches
  15 goblins
  10 hobgoblins
  5 kobolds
  3 quokkas
  3 ball pythons
  6 bats
  3 frilled lizards (D:1)
  3 rats
80 creatures vanquished.

Vanquished Creatures (others)
  2 fungi (D:1)
  A plant (D:1)
3 creatures vanquished.

Grand Total: 83 creatures vanquished

Table legend:
 A = Non-vault XP
 B = Vault XP
 C = Vault XP percentage of total XP
 D = Non-vault monster count
 E = Vault monster count
 F = Vault count percentage of total count
                 A         B        C        D         E       F
            +---------+---------+-------+---------+---------+-------
      Total |     421 |     325 |  43.6 |      66 |      14 |  17.5
            +---------+---------+-------+---------+---------+-------
        D:1 |      40 |       0 |   0.0 |      22 |       0 |   0.0
        D:2 |     106 |      39 |  26.9 |      27 |      13 |  32.5
        D:3 |     226 |       0 |   0.0 |      12 |       0 |   0.0
        D:4 |      49 |     286 |  85.4 |       5 |       1 |  16.7
            +---------+---------+-------+---------+---------+-------

Illustrated notes

Table legend:
 A = Kills in this place as a percentage of kills in entire the game.
 B = Kills by you in this place as a percentage of kills by you in the entire game.
 C = Kills by friends in this place as a percentage of kills by friends in the entire game.
 D = Other kills in this place as a percentage of other kills in the entire game.
 E = Experience gained in this place as a percentage of experience gained in the entire game.
 F = Experience gained in this place divided by the number of levels of this place that you have seen.
                   A       B       C       D       E      F
               +-------+-------+-------+-------+-------+----------------------
         Total | 100.0 | 100.0 |   N/A |   N/A | 100.0 | 149.2
       Dungeon | 100.0 | 100.0 |   N/A |   N/A | 100.0 | 149.2
               +-------+-------+-------+-------+-------+----------------------

Table legend: (Time is in decaauts)
 A = Elapsed time spent in this place.
 B = Non-inter-level travel time spent in this place.
 C = Inter-level travel time spent in this place.
 D = Time resting spent in this place.
 E = Time spent auto-exploring this place.
 F = Levels seen in this place.
 G = Mean time per level.
                   A        B        C        D        E       F      G
               +--------+--------+--------+--------+--------+-----+--------+
         Total |   2948 |   2908 |     40 |    294 |   2154 |   5 |  589.6 |
       Dungeon |   2948 |   2908 |     40 |    294 |   2154 |   5 |  589.6 |
               +--------+--------+--------+--------+--------+-----+--------+

Top non-repeatable levels by time:
     D:1: 1186 daAuts
     D:2: 924 daAuts
     D:3: 628 daAuts
     D:4: 204 daAuts
     D:5: 5 daAuts
